 Dungeon Crawl Stone Soup version 0.24-a0-582-g4d4af81 (webtiles) character file.

Game seed: 5635350953562151055

11887 Dorkslayer the Fighter (level 11, -4/97 HPs)
             Began as a Minotaur Fighter on Aug 27, 2019.
             Was a High Priest of Okawaru.
             Slain by a cyclops (16 damage)
             ... on level 10 of the Dungeon.
             The game lasted 00:47:58 (7322 turns).

Dorkslayer the Fighter (Minotaur Fighter)           Turns: 7322, Time: 00:47:58

Health: -4/97      AC: 16    Str: 27    XL:     11   Next: 55%
Magic:  4/4        EV:  7    Int:  5    God:    Okawaru [*****.]
Gold:   658        SH: 12    Dex: 13    Spells: 10/10 levels left

rFire    + . .     SeeInvis +   E - +8 trident of Charity {antimagic, rPois Str+4 Dex+2 Stlth+}
rCold    + + .     Gourm    .   c - +0 shield
rNeg     . . .     Faith    .   i - +0 plate armour
rPois    +         Spirit   .   (helmet restricted)
rElec    +         Reflect  .   (no cloak)
rCorr    +         Harm     .   d - +2 pair of gloves {archery}
MR       .....                  (no boots)
Stlth    ..........             (no amulet)
HPRegen  0.26/turn              h - ring of see invisible
MPRegen  0.09/turn              q - ring of protection from cold

@: resistant, hasted, very quick
A: retaliatory headbutt, horns 2
a: Heroism, Finesse, Renounce Religion


You were on level 10 of the Dungeon.
You worshipped Okawaru.
Okawaru was extremely pleased with you.
You were not hungry.

You visited 2 branches of the dungeon, and saw 11 of its levels.
You also visited: Ossuary.

You collected 658 gold pieces.

Inventory:

Hand Weapons
 a - a +1 war axe
 E - the +8 trident of Charity (weapon) {antimagic, rPois Str+4 Dex+2 Stlth+}
   (You took it off an orc on level 6 of the Dungeon)

   It reduces the magical energy of the wielder, and disrupts the spells and
   magical abilities of those hit.
   Natural abilities and divine invocations are not affected.
   It affects your strength (+4).
   It affects your dexterity (+2).
   It protects you from poison.
   It makes you more stealthy.
 G - a +3 scimitar of flaming
 L - a +2 war axe of chopping
Missiles
 l - 14 silver boomerangs
 w - 7 boomerangs (quivered)
 K - 3 silver javelins
Armour
 c - a +0 shield (worn)
 d - a +2 pair of gloves of archery (worn)
 i - a +0 plate armour (worn)
Jewellery
 h - a ring of see invisible (left hand)
 q - a ring of protection from cold (right hand)
Wands
 s - a wand of disintegration (7)
 t - a wand of iceblast (17)
 z - a wand of acid (11)
 F - a wand of scattershot (2)
Scrolls
 g - 9 scrolls of teleportation
 j - a scroll of enchant armour
 m - a scroll of fog {unknown}
 n - 3 scrolls of remove curse
 o - a scroll of immolation {unknown}
 p - a scroll of random uselessness {unknown}
 u - 2 scrolls of enchant weapon
 x - a scroll of vulnerability {unknown}
 y - a scroll of fear {unknown}
 I - a scroll of brand weapon {unknown}
 M - a scroll of magic mapping
Potions
 e - a potion of mutation
 r - 2 potions of brilliance
 v - 2 potions of agility
 A - 2 potions of cancellation
 B - a potion of berserk rage
 C - 2 potions of invisibility
 D - a potion of might
 H - 2 potions of curing
Comestibles
 f - 19 rations
 J - 12 chunks of flesh


   Skills:
 * Level 9.0 Fighting
 + Level 8.1(9.7) Axes
 + Level 8.4(9.8) Polearms
 * Level 7.0 Throwing
 + Level 7.1 Armour
 + Level 1.7 Dodging
 + Level 8.3 Shields
 * Level 6.5 Invocations
 * Level 5.9 Evocations


You had 10 spell levels left.
You didn't know any spells.
Your spell library contained the following spells:

 Spells                   Type           Power        Failure   Level  Hunger
 Animate Skeleton         Necr           N/A          100%        1    ##.....
 Apportation              Tloc           #.....       100%        1    ##.....
 Confusing Touch          Hex            #.....       100%        1    ##.....
 Magic Dart               Conj           #...         100%        1    ##.....
 Summon Small Mammal      Summ           #...         100%        1    ##.....
 Corpse Rot               Necr           N/A          100%        2    ###....
 Searing Ray              Conj           #.....       100%        2    ###....
 Sublimation of Blood     Necr           #.........   100%        2    ###....
 Dazzling Spray           Conj/Hex       #.....       100%        3    ####...
 Force Lance              Conj/Tloc      #.......     100%        4    #####..
 Fulminant Prism          Conj/Hex       #.........   100%        4    #####..
 Iskenderun's Mystic Bla  Conj           #.......     100%        4    #####..
 Agony                    Necr           #.......     100%        5    ######.
 Bolt of Draining         Conj/Necr      #.........   100%        5    ######.
 Dispel Undead            Necr           #.......     100%        5    ######.
 Excruciating Wounds      Chrm/Necr      #.........   100%        5    ######.


Dungeon Overview and Level Annotations

Branches:
Dungeon (10/15)            Temple (1/1) D:5            Lair (0/6) D:9
Ossuary (visited)
    Orc: D:9-12

Altars:
Ashenzari
Cheibriados
Dithmenos
Elyvilon
Fedhas
Gozag
Hepliaklqana
Kikubaaqudgha
Makhleb
Nemelex Xobeh
Okawaru
Qazlal
Ru
Sif Muna
Trog
Uskayaw
Vehumet
Wu Jian
Xom
Yredelemnul
Zin
The Shining One

Shops:
D:4 %


Innate Abilities, Weirdness & Mutations

You reflexively headbutt those who attack you in melee.
You have a pair of horns on your head.


Message History

Your Throwing skill increases to level 7!
Unknown command.
Things that are here:
a +0 hat; the elephant slug corpse of Gastronok Some of the chunks of flesh in your inventory have rotted away.
Attack whom?
Press: ? - help, Dir - move target cursor, f - cyclops
Aim: a cyclops You reach to attack!
You hit the cyclops.
The cyclops is lightly wounded.
The cyclops hits you!!
* * * LOW HITPOINT WARNING * * *
You hit the cyclops.
The cyclops is moderately wounded.
You impale the cyclops!!
The cyclops is severely wounded.
Your shield and plate armour prevent you from hitting the cyclops.
The cyclops is severely wounded.
The cyclops hits you!
You die...

#..###..# ...
#####.......# ..
#.........#.. . #######
#............
#.....###............
#.....##..........###
#### #..........#..#####
#... #.....######..# #.##
########.@C..## #.....#
#.[##.### ###.#####
#......##..?.# ....##. ..
....... #............. ..
....... #.....#.....##..
....... #....#.......#..
....... #................
........#................
............C............


You could see a cyclops.

Vanquished Creatures
  Gastronok (D:10)
  A two-headed ogre (D:10)
  Erica (D:9)
  An elephant (D:9)
  A troll (D:9)
  A hornet (D:10)
  A hippogriff (D:9)
  Sigmund (D:3)
  2 wyverns
  12 yaks
  A water moccasin (D:8)
  8 orc warriors
  4 sky beasts
  4 phantoms
  An ice beast (D:9)
  A necrophage (D:9)
  8 centaurs
  6 ogres
  2 big kobolds
  4 crocodiles
  5 bullfrogs
  A scorpion (D:4)
  4 wights (D:6)
  4 howler monkeys
  5 crimson imps
  2 bullfrog zombies
  2 centaur zombies
  5 hounds
  3 jellies
  6 orc priests
  3 bullfrog skeletons
  A centaur skeleton (D:10)
  2 iguanas
  9 orc wizards
  15 worker ants
  A hound zombie (D:6)
  8 mummies (Ossuary)
  2 worker ant zombies
  7 gnolls
  A howler monkey skeleton (D:3)
  8 adders
  2 shadow imps
  2 oozes
  An adder skeleton (D:6)
  An adder zombie (D:5)
  2 worms
  2 dart slugs (D:1)
  5 leopard geckos
  37 orcs
  5 giant cockroaches
  7 goblins
  10 hobgoblins
  6 jackals
  12 kobolds
  5 quokkas
  2 ball pythons
  3 bats
  8 frilled lizards
  2 kobold zombies (Ossuary)
  A leopard gecko skeleton (D:4)
  A leopard gecko zombie (D:5)
  6 orc zombies (Ossuary)
  A quokka zombie (D:5)
  5 rats
  A bush (D:4)
  A plant (D:4)
283 creatures vanquished.

Notes
Turn   | Place    | Note
-------+----------+-------------------------------------------
     0 | D:1      | Dorkslayer the Minotaur Fighter began the quest for the
                  | Orb.
     0 | D:1      | Reached XP level 1. HP: 19/19 MP: 0/0
   110 | D:1      | Reached XP level 2. HP: 24/27 MP: 1/1
   144 | D:1      | Reached skill level 4 in Fighting
   479 | D:1      | Reached XP level 3. HP: 32/33 MP: 2/2
  1127 | D:3      | Reached XP level 4. HP: 41/41 MP: 3/3
  1227 | D:3      | Noticed Sigmund
  1244 | D:3      | Killed Sigmund
  1244 | D:3      | Reached skill level 5 in Fighting
  1244 | D:3      | Reached skill level 5 in Axes
  1244 | D:3      | Reached skill level 1 in Dodging
  1244 | D:3      | Reached XP level 5. HP: 48/48 MP: 4/4
  1464 | D:3      | Found a stormy altar of Qazlal.
  1664 | D:3      | Reached XP level 6. HP: 56/56 MP: 5/5
  1865 | D:4      | Found a blossoming altar of Fedhas.
  2056 | D:4      | Reached skill level 1 in Throwing
  2204 | D:4      | Reached skill level 5 in Shields
  2296 | D:4      | Found a white marble altar of Elyvilon.
  2345 | D:4      | Found a hazy altar of Hepliaklqana.
  2501 | D:4      | Reached XP level 7. HP: 61/61 MP: 6/6
  2652 | D:4      | Found Joecegam's Food Shoppe.
  2721 | D:5      | Entered Level 5 of the Dungeon
  2752 | D:5      | Found a staircase to the Ecumenical Temple.
  2792 | Temple   | Entered the Ecumenical Temple
  2814 | Temple   | Became a worshipper of Warmaster Okawaru
  2902 | D:5      | Reached skill level 1 in Evocations
  2957 | D:5      | Reached skill level 5 in Armour
  3063 | D:5      | Reached skill level 1 in Invocations
  3113 | D:5      | Reached * piety under Okawaru
  3165 | D:5      | Reached XP level 8. HP: 70/70 MP: 8/8
  3369 | D:5      | Reached skill level 6 in Fighting
  3387 | D:5      | Found a burning altar of Makhleb.
  3559 | D:6      | Found a sand-covered staircase.
  3566 | Ossuary  | Entered an ossuary
  3778 | D:6      | Reached ** piety under Okawaru
  3833 | D:6      | Identified the +8 trident of Charity {antimagic, rPois
                  | Str+4 Dex+2 Stlth+}
  4280 | D:6      | Reached XP level 9. HP: 78/78 MP: 3/10
  4362 | D:6      | Reached skill level 1 in Polearms
  4412 | D:6      | Reached *** piety under Okawaru
  4413 | D:6      | Reached skill level 7 in Fighting
  4423 | D:6      | Found a shimmering blue altar of Sif Muna.
  4696 | D:6      | Received a gift from Okawaru
  4922 | D:7      | Reached skill level 5 in Throwing
  5000 | D:7      | Found a glowing golden altar of the Shining One.
  5053 | D:7      | Reached **** piety under Okawaru
  5118 | D:7      | Reached XP level 10. HP: 58/86 MP: 4/12
  5630 | D:8      | Reached skill level 5 in Polearms
  6428 | D:9      | Reached skill level 5 in Invocations
  6538 | D:9      | Reached ***** piety under Okawaru
  6581 | D:9      | Reached skill level 8 in Fighting
  6584 | D:9      | Noticed Erica
  6594 | D:9      | Killed Erica
  6594 | D:9      | Received a gift from Okawaru
  6594 | D:9      | Reached skill level 5 in Evocations
  6645 | D:9      | Found a staircase to the Lair.
  6645 | D:9      | Noticed an elephant
  6663 | D:9      | Killed an elephant
  6751 | D:9      | Received a gift from Okawaru
  6751 | D:9      | Reached XP level 11. HP: 71/95 MP: 4/14
  6767 | D:9      | Found a bloodstained altar of Trog.
  6767 | D:9      | Found a hide-covered altar of Uskayaw.
  6769 | D:9      | Found a radiant altar of Vehumet.
  6906 | D:10     | Entered Level 10 of the Dungeon
  6967 | D:10     | Received a gift from Okawaru
  7059 | D:10     | Noticed a two-headed ogre
  7064 | D:10     | Killed a two-headed ogre
  7294 | D:10     | Noticed Gastronok
  7314 | D:10     | Killed Gastronok
  7314 | D:10     | Reached skill level 9 in Fighting
  7322 | D:10     | Slain by a cyclops

Levels and vault maps discovered:
D:1:      enne_arrival_octagon_isle, layout_loops_ring, minmay_unequal
D:2:      layout_rooms, first_ration
D:3:      layout_loops_ring, grunt_qazlal_clouds, uniq_sigmund
D:4:      layout_cave_pods, lemuel_coloured_pillars_altar, kennysheep_mini,
          lemuel_doored_altar, serial_shops, kennysheep_mini_moat,
          serial_forest, infiniplex_forest_end_2, infiniplex_forest_corner_1,
          infiniplex_forest_end_1, infiniplex_forest_side_room,
          infiniplex_forest_lined_3, infiniplex_forest_lined_corner,
          infiniplex_forest_clump_diagonal
D:5:      minmay_angry_zag, layout_gridville, temple_pool_b, basic_altar
D:6:      layout_rooms, overflow_temple_1_default, chequers_ossuary_entry_cave
D:7:      layout_basic, old_standard_altar
D:8:      layout_layer_cave
D:9:      layout_small_grid, nicolae_overflow_hidden_temple, david_lair_generic,
          uniq_erica
D:10:     layout_rooms, uniq_gastronok
Temple:   eino_temple_lava

Skill      XL: |  1  2  3  4  5  6  7  8  9 10 11 |
---------------+----------------------------------+-----
Fighting       | 4 5 6 7 8 9 |  9.0
Axes           | 3 5 6 8 |  8.1
Shields        | 4 5 6 7 8 |  8.3
Armour         | 4 5 6 7 |  7.1
Dodging        | 1 |  1.7
Throwing       | 1 2 3 5 6 7 |  7.0
Evocations     | 1 2 4 5 |  5.9
Invocations    | 1 3 4 5 6 |  6.5
Polearms       | 4 7 8 |  8.4

Action                   |  1- 3 |  4- 6 |  7- 9 | 10-12 || total
-------------------------+-------+-------+-------+-------++-------
Melee: War axe           |    81 |   106 |   175 |       ||   362
       Headbutt          |     7 |    14 |    68 |    50 ||   139
       Trident           |       |       |   149 |   296 ||   445
Throw: Boomerang         |       |       |    47 |    32 ||    79
Evoke: Wand              |       |       |     2 |     7 ||     9
  Use: Scroll            |     6 |     2 |     9 |     4 ||    21
       Potion            |       |     2 |     5 |     2 ||     9
  Eat: Chunk             |     1 |     2 |     8 |     7 ||    18
       Ration            |       |     1 |       |       ||     1
Armor: Scale mail        |    44 |     1 |       |       ||    45
       Plate armour      |       |    76 |   136 |   109 ||   321
Dodge: Dodged            |    25 |    22 |    58 |    45 ||   150
Block: Shield            |    51 |    49 |   153 |   150 ||   403

Table legend:
 A = Non-vault XP
 B = Vault XP
 C = Vault XP percentage of total XP
 D = Non-vault monster count
 E = Vault monster count
 F = Vault count percentage of total count
                 A         B        C        D         E       F
            +---------+---------+-------+---------+---------+-------
      Total |   12436 |    4546 |  26.8 |     251 |      30 |  10.7
            +---------+---------+-------+---------+---------+-------
        D:1 |      40 |      11 |  21.6 |      19 |       5 |  20.8
        D:2 |      45 |       0 |   0.0 |      18 |       0 |   0.0
        D:3 |      69 |     227 |  76.7 |      19 |       1 |   5.0
        D:4 |     357 |       0 |   0.0 |      17 |       0 |   0.0
        D:5 |     738 |     163 |  18.1 |      20 |       2 |   9.1
        D:6 |    2695 |       0 |   0.0 |      52 |       0 |   0.0
        D:7 |    1701 |       0 |   0.0 |      26 |       0 |   0.0
        D:8 |    1506 |       0 |   0.0 |      24 |       0 |   0.0
        D:9 |    2412 |    1789 |  42.6 |      26 |       5 |  16.1
       D:10 |    2873 |    2203 |  43.4 |      30 |       1 |   3.2
    Ossuary |       0 |     153 | 100.0 |       0 |      16 | 100.0
            +---------+---------+-------+---------+---------+-------
